[ AOE2 MATCH · #506660410 ]
UnrankedMapuche vs Mongols
Player's team · WIN
Rival team · LOSS
[ REPLAY ANALYSIS · EXTRACTED FROM THE RECORDED GAME ]
Feudal
10:10
Castle
21:11
Imperial
42:21
| APM avg | 72.2 |
| APM peak | 133 |
| eAPM avg | 41.3 |
| Villagers / military | 241 / 616 |
Focus
⚔️ 53.3% · 🌾 46.7%
Skirmisher ×272 · Bolas Rider ×142 · Spearman ×138 · Unknown (2550) ×107 · Trebuchet (Packed) ×32 · Kona ×25
Feudal
10:49
Castle
23:22
Imperial
41:42
| APM avg | 65.8 |
| APM peak | 140 |
| eAPM avg | 28.6 |
| Villagers / military | 241 / 646 |
Focus
⚔️ 61.2% · 🌾 38.8%
Scout Cavalry ×282 · Skirmisher ×230 · Mangudai ×56 · Cavalry Archer ×40 · Battering Ram ×18 · Trebuchet (Packed) ×9
Match map
Initial resources + every placement click. Lines = walls · curves = elevation contours. ◆ gold · ⬟ stone · ● berries · ✦ relic · ◌ wall gap
Your base· Open — 3t gap
Fs.Jubileu's base· ✓ Closed at 23:22 · 24t walls · no gate
Smoothed initial terrain · ◌ = detected wall gap · hover for details
Inputs per minute
— Deaf Vader - - Fs.Jubileu
Build order — Deaf Vader
First 150 of 837 actions detected
| 0:01 | Create | Villager (Male) ×4 |
| 0:01 | Create | Villager (Male) ×4 |
| 0:02 | Build | House |
| 0:03 | Build | House |
| 1:25 | Create | Villager (Male) |
| 1:25 | Create | Villager (Male) |
| 2:05 | Create | Villager (Male) |
| 2:05 | Create | Villager (Male) |
| 2:07 | Build | Settlement |
| 2:26 | Create | Villager (Male) |
| 2:26 | Create | Villager (Male) |
| 2:43 | Create | Villager (Male) |
| 3:14 | Create | Villager (Male) |
| 3:14 | Create | Villager (Male) |
| 3:34 | Create | Villager (Male) |
| 4:21 | Build | Settlement |
| 4:24 | Create | Villager (Male) |
| 4:41 | Create | Villager (Male) |
| 4:58 | Create | Villager (Male) |
| 5:45 | Research | Loom |
| 5:56 | Build | Palisade Wall |
| 5:57 | Build | Palisade Wall |
| 5:57 | Build | Palisade Wall |
| 6:00 | Build | Palisade Wall |
| 6:07 | Build | Palisade Wall |
| 6:18 | Create | Villager (Male) |
| 6:41 | Create | Villager (Male) |
| 7:03 | Create | Villager (Male) |
| 7:35 | Create | Villager (Male) |
| 8:00 | Research | Feudal Age |
| 8:35 | Build | Settlement |
| 9:04 | Build | Farm |
| 9:36 | Create | Villager (Male) |
| 9:56 | Build | Palisade Wall |
| 10:00 | Build | Palisade Wall |
| 10:10 | Age | Feudal Age |
| 10:15 | Build | Market |
| 10:17 | Research | Double-Bit Axe |
| 10:17 | Research | Double-Bit Axe |
| 10:18 | Research | Horse Collar |
| 10:24 | Create | Villager (Male) |
| 10:28 | Build | Farm |
| 10:42 | Create | Villager (Male) |
| 10:57 | Build | Palisade Wall |
| 10:58 | Create | Villager (Male) |
| 11:01 | Create | Skirmisher |
| 11:06 | Build | Farm |
| 11:22 | Build | Farm |
| 11:26 | Create | Villager (Male) |
| 11:28 | Create | Skirmisher |
| 11:28 | Create | Skirmisher |
| 11:28 | Create | Skirmisher |
| 11:35 | Create | Skirmisher |
| 11:44 | Build | Palisade Wall |
| 11:48 | Build | Palisade Wall |
| 11:49 | Build | Palisade Wall |
| 11:49 | Build | Palisade Wall |
| 11:50 | Build | Palisade Wall |
| 11:54 | Create | Villager (Male) |
| 12:03 | Build | Farm |
| 12:24 | Create | Villager (Male) |
| 12:26 | Build | House |
| 12:38 | Build | Blacksmith |
| 12:41 | Create | Villager (Male) |
| 12:43 | Build | Farm |
| 12:45 | Build | Farm |
| 13:05 | Create | Skirmisher |
| 13:05 | Create | Skirmisher |
| 13:05 | Create | Skirmisher |
| 13:28 | Create | Villager (Male) |
| 13:35 | Research | Fletching |
| 13:35 | Research | Fletching |
| 13:38 | Build | Farm |
| 13:42 | Create | Skirmisher |
| 13:42 | Create | Skirmisher |
| 13:49 | Create | Villager (Male) |
| 13:56 | Build | Settlement |
| 14:06 | Build | House |
| 14:20 | Create | Skirmisher |
| 14:20 | Create | Skirmisher |
| 14:20 | Create | Skirmisher |
| 14:22 | Create | Villager (Male) |
| 14:36 | Build | Farm |
| 14:43 | Create | Skirmisher |
| 14:43 | Create | Skirmisher |
| 14:43 | Create | Skirmisher |
| 15:04 | Create | Villager (Male) |
| 15:05 | Create | Villager (Male) |
| 15:10 | Build | House |
| 15:17 | Build | Palisade Gate |
| 15:22 | Build | House |
| 15:38 | Build | Farm |
| 15:51 | Build | House |
| 16:04 | Build | Farm |
| 16:05 | Create | Villager (Male) |
| 16:05 | Create | Villager (Male) |
| 16:08 | Build | Farm |
| 16:21 | Build | Farm |
| 16:52 | Create | Villager (Male) |
| 16:57 | Build | House |
| 16:57 | Build | Palisade Wall |
| 17:04 | Create | Spearman |
| 17:17 | Build | Barracks |
| 17:26 | Create | Villager (Male) |
| 17:29 | Create | Villager (Male) |
| 17:33 | Build | House |
| 17:33 | Build | Palisade Wall |
| 18:11 | Build | Palisade Wall |
| 18:31 | Research | Castle Age |
| 18:31 | Research | Castle Age |
| 18:59 | Build | Palisade Wall |
| 19:03 | Build | Archery Range |
| 19:16 | Research | Padded Archer Armor |
| 19:34 | Create | Skirmisher |
| 19:34 | Create | Skirmisher |
| 19:49 | Build | House |
| 20:18 | Create | Spearman |
| 20:18 | Create | Spearman |
| 20:19 | Create | Spearman |
| 20:27 | Build | Archery Range |
| 20:28 | Build | House |
| 21:11 | Age | Castle Age |
| 21:15 | Create | Villager (Male) |
| 21:16 | Create | Bolas Rider |
| 21:16 | Create | Bolas Rider |
| 21:19 | Build | House |
| 21:21 | Build | House |
| 21:23 | Build | Farm |
| 21:24 | Build | Palisade Wall |
| 21:25 | Research | Bow Saw |
| 21:26 | Research | Bodkin Arrow |
| 21:26 | Research | Bodkin Arrow |
| 21:27 | Create | Bolas Rider |
| 21:27 | Create | Bolas Rider |
| 21:38 | Create | Villager (Male) |
| 22:04 | Create | Villager (Male) |
| 22:07 | Create | Bolas Rider |
| 22:07 | Create | Bolas Rider |
| 22:26 | Create | Villager (Male) |
| 22:34 | Build | Town Center |
| 22:50 | Build | Palisade Wall |
| 22:59 | Create | Bolas Rider |
| 22:59 | Create | Bolas Rider |
| 23:00 | Create | Villager (Male) |
| 23:17 | Create | Villager (Male) |
| 23:22 | Build | University |
| 23:35 | Create | Bolas Rider |
| 23:35 | Create | Bolas Rider |
| 23:48 | Create | Villager (Male) |
| 24:02 | Create | Villager (Male) |
Build order — Fs.Jubileu
First 150 of 1156 actions detected
| 0:00 | Create | Villager (Male) |
| 0:00 | Create | Villager (Male) |
| 0:00 | Create | Villager (Male) |
| 0:01 | Create | Villager (Male) |
| 0:01 | Create | Villager (Male) |
| 0:01 | Create | Villager (Male) |
| 0:01 | Create | Villager (Male) |
| 0:01 | Create | Villager (Male) |
| 0:01 | Create | Villager (Male) |
| 0:01 | Create | Villager (Male) |
| 0:01 | Create | Villager (Male) |
| 0:01 | Create | Villager (Male) |
| 0:01 | Create | Villager (Male) |
| 0:01 | Create | Villager (Male) |
| 0:01 | Create | Villager (Male) |
| 0:01 | Create | Villager (Male) |
| 0:01 | Create | Villager (Male) |
| 0:01 | Create | Villager (Male) |
| 0:02 | Build | House |
| 0:03 | Build | House |
| 1:13 | Build | House |
| 1:29 | Create | Villager (Male) |
| 1:30 | Create | Villager (Male) |
| 2:02 | Create | Villager (Male) |
| 2:30 | Create | Villager (Male) |
| 2:37 | Build | Barracks |
| 3:08 | Create | Villager (Male) |
| 3:19 | Build | House |
| 3:26 | Create | Villager (Male) |
| 3:44 | Create | Militia |
| 3:44 | Create | Militia |
| 3:48 | Create | Villager (Male) |
| 3:54 | Build | House |
| 4:15 | Create | Militia |
| 4:29 | Create | Villager (Male) |
| 4:36 | Build | House |
| 4:40 | Create | Villager (Male) |
| 4:41 | Create | Villager (Male) |
| 4:43 | Create | Villager (Male) |
| 4:43 | Create | Villager (Male) |
| 4:48 | Create | Militia |
| 5:17 | Create | Villager (Male) |
| 5:48 | Create | Villager (Male) |
| 5:55 | Create | Villager (Male) |
| 6:36 | Create | Villager (Male) |
| 6:50 | Create | Villager (Male) |
| 7:12 | Build | Lumber Camp |
| 7:25 | Create | Villager (Male) |
| 7:42 | Create | Villager (Male) |
| 8:04 | Research | Loom |
| 8:26 | Research | Feudal Age |
| 8:39 | Build | Mining Camp |
| 9:30 | Build | House |
| 10:14 | Create | Villager (Male) |
| 10:31 | Build | Mill |
| 10:49 | Age | Feudal Age |
| 10:54 | Research | Man-at-Arms (upgrade) |
| 10:54 | Research | Man-at-Arms (upgrade) |
| 10:55 | Research | Double-Bit Axe |
| 10:55 | Research | Double-Bit Axe |
| 10:55 | Create | Villager (Male) |
| 11:07 | Build | Archery Range |
| 11:32 | Build | Watch Tower |
| 11:35 | Create | Villager (Male) |
| 11:45 | Build | House |
| 11:53 | Build | Palisade Wall |
| 11:54 | Build | Palisade Wall |
| 11:55 | Build | Palisade Wall |
| 11:56 | Build | Palisade Wall |
| 11:59 | Create | Archer |
| 12:01 | Create | Skirmisher |
| 12:03 | Build | Farm |
| 12:06 | Create | Villager (Male) |
| 12:29 | Create | Villager (Male) |
| 12:31 | Build | Farm |
| 12:45 | Create | Villager (Male) |
| 12:49 | Build | Blacksmith |
| 13:03 | Create | Skirmisher |
| 13:04 | Create | Villager (Male) |
| 13:11 | Build | House |
| 13:13 | Build | House |
| 13:23 | Create | Skirmisher |
| 13:30 | Create | Villager (Male) |
| 13:43 | Create | Skirmisher |
| 13:56 | Build | Farm |
| 14:00 | Research | Fletching |
| 14:02 | Build | House |
| 14:10 | Create | Villager (Male) |
| 14:27 | Create | Villager (Male) |
| 14:43 | Build | Farm |
| 14:44 | Build | Farm |
| 14:45 | Create | Skirmisher |
| 15:00 | Create | Villager (Male) |
| 15:03 | Build | Farm |
| 15:09 | Build | House |
| 15:38 | Create | Villager (Male) |
| 15:38 | Create | Villager (Male) |
| 15:51 | Build | House |
| 15:55 | Build | Stable |
| 16:19 | Research | Wheelbarrow |
| 16:21 | Build | House |
| 16:24 | Build | House |
| 16:27 | Create | Villager (Male) |
| 16:37 | Build | Farm |
| 16:47 | Create | Villager (Male) |
| 17:00 | Create | Scout Cavalry |
| 17:00 | Create | Scout Cavalry |
| 17:01 | Create | Skirmisher |
| 17:07 | Build | Farm |
| 17:22 | Create | Skirmisher |
| 17:26 | Create | Villager (Male) |
| 17:54 | Create | Scout Cavalry |
| 18:03 | Build | Market |
| 18:25 | Build | Mill |
| 18:39 | Create | Villager (Male) |
| 18:41 | Build | Farm |
| 18:41 | Create | Scout Cavalry |
| 18:57 | Build | House |
| 19:00 | Create | Villager (Male) |
| 19:02 | Build | Farm |
| 19:37 | Create | Scout Cavalry |
| 19:46 | Build | Mill |
| 20:13 | Create | Villager (Male) |
| 20:20 | Build | Farm |
| 20:22 | Build | Farm |
| 20:42 | Research | Castle Age |
| 20:42 | Research | Castle Age |
| 21:23 | Create | Skirmisher |
| 21:27 | Build | Archery Range |
| 21:38 | Research | Horse Collar |
| 21:38 | Research | Horse Collar |
| 21:39 | Research | Gold Mining |
| 21:39 | Research | Gold Mining |
| 21:43 | Create | Villager (Male) |
| 21:44 | Create | Villager (Male) |
| 21:50 | Create | Skirmisher |
| 22:00 | Build | Lumber Camp |
| 22:02 | Create | Villager (Male) |
| 22:15 | Create | Skirmisher |
| 22:23 | Build | Palisade Wall |
| 22:31 | Create | Skirmisher |
| 22:31 | Create | Skirmisher |
| 22:33 | Create | Skirmisher |
| 22:37 | Build | Palisade Wall |
| 22:51 | Research | Town Watch |
| 23:01 | Create | Villager (Male) |
| 23:11 | Create | Villager (Male) |
| 23:18 | Build | Mining Camp |
| 23:22 | Age | Castle Age |
| 23:24 | Research | Bodkin Arrow |
Match timeline
| 2:37 | Fs.Jubileu · first_building Barracks |
| 5:56 | Deaf Vader · wall_segment Palisade Wall x1 |
| 5:57 | Deaf Vader · wall_segment Palisade Wall x1 |
| 5:57 | Deaf Vader · wall_segment Palisade Wall x1 |
| 6:00 | Deaf Vader · wall_segment Palisade Wall x2 |
| 6:07 | Deaf Vader · wall_segment Palisade Wall x2 |
| 9:56 | Deaf Vader · wall_segment Palisade Wall x1 |
| 10:00 | Deaf Vader · wall_segment Palisade Wall x1 |
| 10:10 | Deaf Vader · age_up feudal |
| 10:49 | Fs.Jubileu · age_up feudal |
| 10:57 | Deaf Vader · wall_segment Palisade Wall x1 |
| 11:07 | Fs.Jubileu · first_building Archery Range |
| 11:44 | Deaf Vader · wall_segment Palisade Wall x2 |
| 11:48 | Deaf Vader · wall_segment Palisade Wall x1 |
| 11:49 | Deaf Vader · wall_segment Palisade Wall x1 |
| 11:49 | Deaf Vader · wall_segment Palisade Wall x1 |
| 11:50 | Deaf Vader · wall_segment Palisade Wall x1 |
| 11:53 | Fs.Jubileu · wall_segment Palisade Wall x1 |
| 11:54 | Fs.Jubileu · wall_segment Palisade Wall x1 |
| 11:55 | Fs.Jubileu · wall_segment Palisade Wall x1 |
| 11:56 | Fs.Jubileu · wall_segment Palisade Wall x1 |
| 12:04 | Deaf Vader · first_market_sell 500 stone |
| 12:34 | Deaf Vader · first_market_buy 100 wood |
| 15:55 | Fs.Jubileu · first_building Stable |
| 16:57 | Deaf Vader · wall_segment Palisade Wall x5 |
| 17:17 | Deaf Vader · first_building Barracks |
| 17:33 | Deaf Vader · wall_segment Palisade Wall x9 |
| 18:11 | Deaf Vader · wall_segment Palisade Wall x1 |
| 18:59 | Deaf Vader · wall_segment Palisade Wall x3 |
| 19:03 | Deaf Vader · first_building Archery Range |
| 20:16 | Fs.Jubileu · first_market_buy 100 food |
| 21:11 | Deaf Vader · age_up castle |
| 21:24 | Deaf Vader · wall_segment Palisade Wall x1 |
| 22:23 | Fs.Jubileu · wall_segment Palisade Wall x9 |
| 22:37 | Fs.Jubileu · wall_segment Palisade Wall x11 |
| 22:50 | Deaf Vader · wall_segment Palisade Wall x1 |
| 23:22 | Fs.Jubileu · age_up castle |
| 26:14 | Deaf Vader · first_building Siege Workshop |
| 28:37 | Deaf Vader · first_building Castle |
| 30:13 | Fs.Jubileu · first_building Monastery |
| 33:43 | Fs.Jubileu · first_building Castle |
| 34:48 | Deaf Vader · wall_segment Stone Wall x1 |
| 34:49 | Deaf Vader · wall_segment Stone Wall x1 |
| 35:25 | Fs.Jubileu · wall_segment Stone Wall x1 |
| 35:27 | Fs.Jubileu · wall_segment Stone Wall x1 |
| 36:04 | Fs.Jubileu · wall_segment Stone Wall x11 |
| 36:33 | Deaf Vader · first_building Monastery |
| 41:42 | Fs.Jubileu · age_up imperial |
| 42:21 | Deaf Vader · age_up imperial |
| 48:40 | Fs.Jubileu · first_market_sell 100 wood |
| 56:06 | Deaf Vader · wall_segment Palisade Wall x1 |
| 62:38 | Fs.Jubileu · first_building Siege Workshop |
| 75:15 | Fs.Jubileu · resign |
[ AI ANALYSIS · 1 CREDIT ]
What really happened in this match?
Wolo.gg analyzes every decision: build order, eco, micro, common mistakes by bracket. Personalized analysis on WhatsApp or Discord in 30 seconds.
Civ guide
Mapuche
Perfil
Jugador #8815470